 Dungeon Crawl Stone Soup version 0.30-a0-354-g6b83867211 (webtiles) character file.

Game seed: 7087228068061506334

71 mopl the Insei (level 4, -3/33 HPs)
             Began as a Djinni Transmuter on Nov 7, 2022.
             Slain by Terence
             ... wielding a +0 mace
              (6 damage)
             ... on level 2 of the Dungeon.
             The game lasted 00:01:51 (909 turns).

mopl the Insei (Djinni Transmuter)                   Turns: 909, Time: 00:01:52

Health: -3/33      AC:  3    Str: 11    XL:     4   Next: 47%
Gold:   60         EV: 13    Int: 14    God:
                   SH:  0    Dex: 14

rFire   + + .      SeeInvis .      - Unarmed
rCold   x . .      Faith    .    (no shield)
rNeg    . . .      Spirit   .    a - +0 robe
rPois   ∞          Reflect  .    (helmet currently unavailable)
rElec   .          Harm     .    (no cloak)
rCorr   .          Rampage  .    d - +0 pair of gloves
Will    .....                    (boots unavailable)
Stlth   +.........               (no amulet)
HPRegen 0.25/turn                (no ring)
MPRegen 0.00/turn                (no ring)

@: appendages (expiring), wereblooded (expiring), flying
A: horns 2, flying, sickness immunity, fire resistance 2, cold vulnerability 1,
float, innate caster, HP casting, extra vitality 1
a: End Transformation


You were on level 2 of the Dungeon.
You had temporarily grown beastly horns.
You visited 1 branch of the dungeon, and saw 2 of its levels.

You collected 60 gold pieces.

Inventory:

Missiles
 g - a throwing net
 h - 8 poisoned darts
Armour
 a - a +0 robe (worn)
 d - a +0 pair of gloves (worn)
Scrolls
 f - a scroll of torment {unknown}
Potions
 b - a potion of lignification {!q}
 c - a potion of curing {unknown}
 e - a potion of degeneration {unknown}
 i - a potion of cancellation {unknown}


   Skills:
 + Level 1.9 Fighting
 + Level 0.7 Throwing
 + Level 2.9 Dodging
 + Level 3.5 Unarmed Combat
 + Level 2.1 Spellcasting


You couldn't memorise any spells.
You knew the following spells:

 Your Spells              Type           Power      Damage    Failure   Level
a - Beastly Appendage     Tmut           14%        N/A       10%         1
b - Wereblood             Tmut           7%         N/A       16%         2
c - Spider Form           Tmut/Pois      7%         N/A       30%         3
d - Ice Form              Ice/Tmut       7%         N/A       69%         4
e - Apportation           Tloc           14%        N/A       10%         1
Your spell library was empty.

Dungeon Overview and Level Annotations

Branches:
Dungeon (2/15)

Altars:

Annotations:
D:2 Terence


Innate Abilities, Weirdness & Mutations

You have temporarily grown beastly horns.
You are flying.
You are immune to sickness and miasma.
You are immune to poison.
Your flesh is very heat resistant. (rF++)
You are vulnerable to cold. (rC-)
You float through the air rather than walking.
You learn spells naturally, not from books.
Your magical power is your life essence.
You have superior vitality. (+4 MHP)


Message History

You barely miss Terence. You headbutt Terence, but do no damage.
Terence barely misses you.
A worm comes into view.
You hit Terence but do no damage. You headbutt Terence.
Terence is moderately wounded.
Terence hits you but does no damage.
You completely miss Terence.
Terence is moderately wounded.
Your horns disappear.
Terence hits you with a +0 mace!
You hit Terence but do no damage.
Terence is moderately wounded.
Terence closely misses you.
You barely miss Terence.
Terence is moderately wounded.
You howl as the wereblood boils in your veins!
Terence closely misses you.
You barely miss Terence.
Terence is moderately wounded.
Terence hits you with a +0 mace.
* * * LOW HITPOINT WARNING * * *
Casting: Wereblood (safe; 16% risk of failure)
Confirm with . or Enter, or press ? or * to list all spells.
You grow a pair of large bovine horns.
* * * LOW HITPOINT WARNING * * *
Your primal bloodlust is almost over.
You hear a shout!
Terence hits you with a +0 mace.
* * * LOW HITPOINT WARNING * * *
A kobold comes into view. It is wielding a +0 short sword.
You hit Terence.
Terence is heavily wounded.
You closely miss Terence.
Terence is heavily wounded.
Terence hits you with a +0 mace.
* * * LOW HITPOINT WARNING * * *
You howl as the wereblood boils in your veins!
Items here: ) [ ††.
Terence attacks as you move away! Terence hits you with a +0 mace.
You die...

#......# #.#
......#.#......####.#
.:......'...........#
........#......######
..K.....#......#
........#......#
........#......#
........#).....#
......).#@.....#
......w.@......#
...........:...#
########.........
#..........
...........
(......##### .......#
.......#


You could see Terence and a worm.

Vanquished Creatures
  Jessica (D:2)
  A worm (D:2)
  A dart slug (D:1)
  A ball python (D:1)
  3 endoplasms
  A giant cockroach (D:1)
  2 hobgoblins
  2 quokkas
  7 bats
  2 frilled lizards (D:1)
  5 kobolds
  20 rats
46 creatures vanquished.

Notes
Turn   | Place    | Note
-------+----------+-------------------------------------------
     0 | D:1      | mopl the Djinni Transmuter began the quest for the Orb.
     0 | D:1      | mopl set off with the following spells memorised: Beastly
                  | Appendage, Wereblood, Spider Form, Ice Form.
     0 | D:1      | Reached XP level 1. HP: 17/17 MP: 0/0
   135 | D:1      | Reached XP level 2. HP: 16/22 MP: 0/0
   529 | D:1      | Reached XP level 3. HP: 27/27 MP: 0/0
   529 | D:1      | Learned a level 1 spell: Apportation
   881 | D:2      | Noticed Jessica
   885 | D:2      | Reached skill level 2 in Spellcasting
   890 | D:2      | Killed Jessica
   891 | D:2      | Reached XP level 4. HP: 20/33 MP: 0/0
   894 | D:2      | Noticed Terence
   909 | D:2      | Slain by Terence

Illustrated notes

Levels and vault maps discovered:
D:1:      tarquinn_simple_flora_water_e, layout_basic, chequers_decorated_corner
D:2:      layout_basic, minmay_rat_hole, uniq_jessica, uniq_terence

Skill      XL: |  1  2  3 |
---------------+----------+-----
Spellcasting   | 2 |  2.1
Fighting       | |  1.9
Throwing       | |  0.7
Dodging        | |  2.9
Unarmed Combat | |  3.5

Action                   |  1- 3 |  4- 6 || total
-------------------------+-------+-------++-------
Melee: Unarmed           |   126 |    11 ||   137
       Headbutt          |     5 |     3 ||     8
       Punch             |     1 |       ||     1
 Cast: Beastly Appendage |    18 |     1 ||    19
       Wereblood         |     1 |       ||     1
Armor: Robe              |    50 |     1 ||    51
Dodge: Dodged            |    97 |     4 ||   101

Table legend: (Time is in decaauts)
 A = Elapsed time spent in this place.
 B = Non-inter-level travel time spent in this place.
 C = Inter-level travel time spent in this place.
 D = Time resting spent in this place.
 E = Time spent auto-exploring this place.
 F = Levels seen in this place.
 G = Mean time per level.
                   A        B        C        D        E       F      G
               +--------+--------+--------+--------+--------+-----+--------+
         Total |    899 |    874 |     25 |      0 |    573 |   2 |  449.5 |
       Dungeon |    899 |    874 |     25 |      0 |    573 |   2 |  449.5 |
               +--------+--------+--------+--------+--------+-----+--------+

Top non-repeatable levels by time:
     D:1: 588 daAuts
     D:2: 311 daAuts
